 Dungeon Crawl Stone Soup version 0.30-a0-605-gb2882149bf (webtiles) character file.

Game seed: 14373580019992013847

4187 karrick the Blocker (level 10, -12/82 HPs)
             Began as a Gnoll Fighter on Jan 8, 2023.
             Was a Priest of Okawaru.
             Mangled by a two-headed ogre
             ... wielding a +0 giant club
              (19 damage)
             ... on level 9 of the Dungeon.
             The game lasted 00:15:52 (9258 turns).

karrick the Blocker (Gnoll Fighter)                 Turns: 9258, Time: 00:15:53

Health: -12/82     AC: 13    Str: 16    XL:     10   Next: 29%
Magic:  17/18      EV: 16    Int:  8    God:    Okawaru [***...]
Gold:   425        SH:  7    Dex: 15    Spells: 19/19 levels left

rFire   . . .      SeeInvis .    I - +0 broad axe
rCold   . . .      Faith    .    c - +0 buckler
rNeg    . . .      Spirit   .    v - +3 leather armour {rPois}
rPois   +          Reflect  .    (no helmet)
rElec   .          Harm     .    M - +1 cloak
rCorr   .          Rampage  .    o - +0 pair of gloves
Will    .....                    t - +0 pair of boots
Stlth   ++++                     (no amulet)
HPRegen 0.33/turn                (no ring)
MPRegen 0.16/turn                (no ring)

@: heroic
A: fangs 1, strong nose, distributed training
a: Renounce Religion, Heroism


You were on level 9 of the Dungeon.
You worshipped Okawaru.
Okawaru was most pleased with you.
You visited 2 branches of the dungeon, and saw 10 of its levels.

You collected 425 gold pieces.

Inventory:

Hand Weapons
 a - a +0 war axe
 I - a +0 broad axe (weapon)
 L - a +3 quarterstaff of chaos
 O - a +3 mace
 P - a +1 vampiric hand axe
Missiles
 h - 12 javelins (quivered)
 H - a throwing net
Armour
 b - a +0 scale mail
 c - a +0 buckler (worn)
 k - a +0 cloak
 o - a +0 pair of gloves (worn)
 t - a +0 pair of boots (worn)
 v - a +3 leather armour of poison resistance (worn)
 M - a +1 cloak (worn)
Jewellery
 z - a ring of flight
 A - a +6 ring of intelligence
 E - a ring of ice
 N - a +5 ring of evasion
Wands
 C - a wand of iceblast (9)
 R - a wand of polymorph (2)
Scrolls
 d - 2 scrolls of enchant armour {unknown}
 e - 7 scrolls of enchant weapon {unknown}
 g - 4 scrolls of poison {unknown}
 i - 4 scrolls of teleportation
 m - 5 scrolls of vulnerability {unknown}
 s - 9 scrolls of identify
 y - a scroll of immolation {unknown}
 F - a scroll of torment {unknown}
 G - a scroll of silence {unknown}
 J - a scroll of acquirement {unknown}
 K - a scroll of fear {unknown}
Potions
 f - 3 potions of flight
 j - 4 potions of attraction
 l - a potion of magic {unknown}
 n - a potion of ambrosia {unknown}
 p - 2 potions of haste
 q - a potion of mutation {unknown}
 r - 4 potions of degeneration
 u - 5 potions of brilliance
 w - 2 potions of resistance {unknown}
 x - 2 potions of curing
 B - 3 potions of might
 D - 2 potions of heal wounds {unknown}
 Q - a potion of lignification {unknown}


   Skills:
 + Level 8.5(13.5) Fighting
 + Level 5.3(10.3) Short Blades
 + Level 5.3(10.3) Long Blades
 + Level 7.1(12.1) Axes
 + Level 5.3(10.3) Maces & Flails
 + Level 5.3(10.3) Polearms
 + Level 5.3(10.3) Staves
 + Level 5.3(10.3) Ranged Weapons
 + Level 5.3(10.3) Throwing
 + Level 8.5(13.5) Armour
 + Level 5.3(10.3) Dodging
 + Level 5.3(10.3) Stealth
 + Level 8.5(13.5) Shields
 + Level 5.3(10.3) Unarmed Combat
 + Level 5.3 Spellcasting
 + Level 4.4 Conjurations
 + Level 4.4 Hexes
 + Level 4.4 Summonings
 + Level 4.4 Necromancy
 + Level 4.4 Translocations
 + Level 4.4 Transmutations
 + Level 4.4 Fire Magic
 + Level 4.4 Ice Magic
 + Level 4.4 Air Magic
 + Level 4.4 Earth Magic
 + Level 4.4 Poison Magic
 + Level 5.8 Invocations
 + Level 5.3 Evocations


You had 19 spell levels left.
You didn't know any spells.
Your spell library contained the following spells:

 Spells                   Type           Power      Damage    Failure   Level
 Sting                    Tmut/Pois      36%        1d4       5%          1
 Ensorcelled Hibernation  Hex/Ice        18%        N/A       9%          2
 Passwall                 Tmut/Erth      7%         N/A       9%          2
 Poisonous Vapours        Pois/Air       18%        N/A       9%          2
 Swiftness                Air            9%         N/A       17%         3
 Olgreb's Toxic Radiance  Pois           9%         N/A       50%         4


Dungeon Overview and Level Annotations

Branches:
Dungeon (9/15)             Temple (1/1) D:5
   Lair: D:8-11         Orc: D:9-12

Altars:
Ashenzari
Cheibriados
Dithmenos
Elyvilon
Fedhas
Gozag
Hepliaklqana
Kikubaaqudgha
Makhleb
Nemelex Xobeh
Okawaru
Qazlal
Ru
Sif Muna
Trog
Uskayaw
Vehumet
Wu Jian
Xom
Yredelemnul
Zin
The Shining One

Shops:
D:5 !

Annotations:
D:6 2 transporters, hikkokomori's ghost, novice OpCj


Innate Abilities, Weirdness & Mutations

You have very sharp teeth.
Your uncanny sense of smell can sniff out nearby items.
Your experience applies equally to all skills.


Message History

You bite the two-headed ogre, but do no damage.
The two-headed ogre is lightly wounded.
The two-headed ogre hits you with a +0 giant club!
The two-headed ogre hits you with a +0 giant spiked club!
You gain the combat prowess of a mighty hero.
You block the two-headed ogre's attack. x2
You barely miss the two-headed ogre.
The two-headed ogre is lightly wounded.
You hit the two-headed ogre.
You feel better.
You bite the two-headed ogre.
The two-headed ogre is lightly wounded.
You slash the two-headed ogre!
You feel better.
The two-headed ogre is moderately wounded.
The two-headed ogre barely misses you.
The two-headed ogre hits you with a +0 giant spiked club!!
Okay, then.
Unknown command.
You feel the dreadful sensation subside.
I - a +0 broad axe (weapon)
You slash the two-headed ogre!
The two-headed ogre is heavily wounded.
The two-headed ogre hits you with a +0 giant club!
The two-headed ogre closely misses you.
You hit the two-headed ogre but do no damage.
The two-headed ogre is heavily wounded.
You block the two-headed ogre's attack.
The two-headed ogre hits you with a +0 giant spiked club!
* * * LOW HITPOINT WARNING * * *
Okay, then.
You barely miss the two-headed ogre.
The two-headed ogre is heavily wounded.
You completely miss the two-headed ogre.
The two-headed ogre is heavily wounded.
The two-headed ogre hits you with a +0 giant club!
* * * LOW HITPOINT WARNING * * *
The two-headed ogre hits you with a +0 giant spiked club.
* * * LOW HITPOINT WARNING * * *
You slash the two-headed ogre!
The two-headed ogre is severely wounded.
The two-headed ogre hits you with a +0 giant club!!
You die...

######## #.......
############.####.
#.....(......#..#.
#.#########..#..#.
#@# #.....#.
#....O.#
######.#.##.
#......#
.....#....#.
#.......
..#.######.
#####....
.........#. ...#.<
#..>..... .#.....
#......#. . #.....
#........
#.#......


You could see a two-headed ogre.

Vanquished Creatures
  A two-headed ogre (D:9)
  A hornet (D:8)
  A troll (D:8)
  A wyvern (D:9)
  Duvessa (D:6)
  2 ice beasts
  2 sky beasts (D:7)
  An orc warrior (D:8)
  2 ogres
  A centaur (D:8)
  2 kobold brigands
  5 bullfrogs
  2 scorpions (D:5)
  8 wights
  Dowan (D:6)
  3 killer bees (D:7)
  2 howler monkeys
  2 hounds
  4 jellies
  7 orc priests
  Crazy Yiuf (D:7)
  5 iguanas
  3 orc wizards
  7 gnolls (D:4)
  10 adders
  2 shadow imps
  3 white imps
  A worm (D:3)
  5 dart slugs
  30 orcs
  2 bats (D:1)
  11 endoplasms
  6 giant cockroaches
  8 goblins
  2 hobgoblins
  6 jackals
  22 kobolds
  4 quokkas
  5 ball pythons
  A frilled lizard (D:1)
  3 rats
186 creatures vanquished.

Vanquished Creatures (others)
  2 orc wizards
2 creatures vanquished.

Grand Total: 188 creatures vanquished

Notes
Turn   | Place    | Note
-------+----------+-------------------------------------------
     0 | D:1      | karrick the Gnoll Fighter began the quest for the Orb.
     0 | D:1      | Reached XP level 1. HP: 23/23 MP: 1/1
   166 | D:1      | Reached XP level 2. HP: 29/29 MP: 2/2
   315 | D:1      | Reached XP level 3. HP: 34/35 MP: 3/3
   617 | D:1      | Reached skill level 1 in Invocations
   893 | D:2      | Reached skill level 1 in Short Blades
   893 | D:2      | Reached skill level 1 in Long Blades
   893 | D:2      | Reached skill level 1 in Maces & Flails
   893 | D:2      | Reached skill level 1 in Polearms
   893 | D:2      | Reached skill level 1 in Staves
   893 | D:2      | Reached skill level 1 in Ranged Weapons
   893 | D:2      | Reached skill level 1 in Throwing
   893 | D:2      | Reached skill level 1 in Dodging
   893 | D:2      | Reached skill level 1 in Stealth
   893 | D:2      | Reached skill level 1 in Unarmed Combat
   893 | D:2      | Reached skill level 1 in Spellcasting
   893 | D:2      | Reached skill level 1 in Evocations
   958 | D:2      | Reached XP level 4. HP: 38/41 MP: 5/5
  1752 | D:3      | Reached skill level 1 in Conjurations
  1752 | D:3      | Reached skill level 1 in Hexes
  1752 | D:3      | Reached skill level 1 in Summonings
  1752 | D:3      | Reached skill level 1 in Necromancy
  1752 | D:3      | Reached skill level 1 in Translocations
  1752 | D:3      | Reached skill level 1 in Transmutations
  1752 | D:3      | Reached skill level 1 in Fire Magic
  1752 | D:3      | Reached skill level 1 in Ice Magic
  1752 | D:3      | Reached skill level 1 in Air Magic
  1752 | D:3      | Reached skill level 1 in Earth Magic
  1752 | D:3      | Reached skill level 1 in Poison Magic
  2210 | D:3      | Noticed an ogre
  2219 | D:3      | Killed an ogre
  2220 | D:3      | Reached XP level 5. HP: 47/47 MP: 5/7
  2491 | D:4      | Reached skill level 5 in Axes
  2491 | D:4      | Reached XP level 6. HP: 46/53 MP: 8/8
  3189 | D:4      | Found a snail-covered altar of Cheibriados.
  3652 | D:5      | Entered Level 5 of the Dungeon
  3666 | D:5      | Reached XP level 7. HP: 33/60 MP: 10/10
  3891 | D:5      | Found a basalt altar of Yredelemnul.
  3921 | D:5      | Found Miahedd's Distillery.
  4076 | D:5      | Found a staircase to the Ecumenical Temple.
  4096 | Temple   | Entered the Ecumenical Temple
  4396 | Temple   | Became a worshipper of Warmaster Okawaru
  4882 | D:6      | Reached XP level 8. HP: 65/67 MP: 12/12
  4914 | D:6      | Reached * piety under Okawaru
  4998 | D:6      | Noticed Duvessa
  5026 | D:6      | Killed Duvessa
  5027 | D:6      | Noticed Dowan
  5225 | D:6      | Killed Dowan
  5778 | D:6      | Found a transporter.
  5778 | D:6      | Noticed hikkokomori's ghost (novice OpCj)
  5862 | D:6      | Found an ornate altar of the Wu Jian Council.
  5865 | D:6      | Found a hazy altar of Hepliaklqana.
  5868 | D:6      | Found a shimmering blue altar of Sif Muna.
  5871 | D:6      | Found a shimmering altar of Xom.
  5946 | D:6      | Found a transporter.
  6571 | D:7      | Found a stormy altar of Qazlal.
  6656 | D:7      | Reached XP level 9. HP: 68/73 MP: 14/14
  6737 | D:7      | Reached ** piety under Okawaru
  6845 | D:7      | Found a white marble altar of Elyvilon.
  7114 | D:7      | Found a runed translucent door.
  7115 | D:7      | Noticed Crazy Yiuf
  7377 | D:7      | Killed Crazy Yiuf
  7876 | D:8      | Noticed a troll
  7901 | D:8      | Killed a troll
  7902 | D:8      | Reached skill level 5 in Invocations
  8414 | D:8      | Noticed a hornet
  8448 | D:8      | Paralysed by a hornet for 2 turns
  8454 | D:8      | Killed a hornet
  8580 | D:9      | Reached *** piety under Okawaru
  8582 | D:9      | Noticed a two-headed ogre
  8594 | D:9      | Killed a two-headed ogre
  8595 | D:9      | Reached skill level 5 in Short Blades
  8595 | D:9      | Reached skill level 5 in Long Blades
  8595 | D:9      | Reached skill level 5 in Maces & Flails
  8595 | D:9      | Reached skill level 5 in Polearms
  8595 | D:9      | Reached skill level 5 in Staves
  8595 | D:9      | Reached skill level 5 in Ranged Weapons
  8595 | D:9      | Reached skill level 5 in Throwing
  8595 | D:9      | Reached skill level 5 in Dodging
  8595 | D:9      | Reached skill level 5 in Stealth
  8595 | D:9      | Reached skill level 5 in Unarmed Combat
  8595 | D:9      | Reached skill level 5 in Spellcasting
  8595 | D:9      | Reached skill level 5 in Evocations
  8595 | D:9      | Reached XP level 10. HP: 63/82 MP: 15/17
  9245 | D:9      | Noticed a two-headed ogre
  9258 | D:9      | Mangled by a two-headed ogre

Illustrated notes

Levels and vault maps discovered:
D:1:      eino_arrival_water_star, layout_loops_ring, minivault_27
D:2:      layout_basic, chequers_decorated_corner, minivault_14
D:3:      minmay_recursive_quarters, layout_basic
D:4:      layout_basic, cheibriados_altar_1, chequers_serial_rivers_large_a
D:5:      layout_rooms, overflow_temple_1_default, minmay_temple_entry_grid,
          serial_shops, nicolae_shop_competitors_out_of_business, st_stairs_8
D:6:      layout_gridville, grunt_temple_overflow_cloverleaf,
          gammafunk_ghost_stat_death, uniq_duvessa
D:7:      layout_loops_ring, mainiacjoe_overflow_24_doors, lemuel_crystal_altar,
          uniq_crazy_yiuf_cottage
D:8:      layout_rooms
D:9:      layout_basic
Temple:   minmay_temple_curvy_branch

Skill      XL: |  1  2  3  4  5  6  7  8  9 |
---------------+----------------------------+-----
Invocations    | 1 2 3 4 5 |  5.8
Short Blades   | 1 2 3 5 |  5.3
Long Blades    | 1 2 3 5 |  5.3
Maces & Flails | 1 2 3 5 |  5.3
Polearms       | 1 2 3 5 |  5.3
Staves         | 1 2 3 5 |  5.3
Ranged Weapons | 1 2 3 5 |  5.3
Throwing       | 1 2 3 5 |  5.3
Dodging        | 1 2 3 5 |  5.3
Stealth        | 1 2 3 5 |  5.3
Unarmed Combat | 1 2 3 5 |  5.3
Spellcasting   | 1 2 3 5 |  5.3
Evocations     | 1 2 3 5 |  5.3
Conjurations   | 1 2 3 4 |  4.4
Hexes          | 1 2 3 4 |  4.4
Summonings     | 1 2 3 4 |  4.4
Necromancy     | 1 2 3 4 |  4.4
Translocations | 1 2 3 4 |  4.4
Transmutations | 1 2 3 4 |  4.4
Fire Magic     | 1 2 3 4 |  4.4
Ice Magic      | 1 2 3 4 |  4.4
Air Magic      | 1 2 3 4 |  4.4
Earth Magic    | 1 2 3 4 |  4.4
Poison Magic   | 1 2 3 4 |  4.4
Axes           | 5 6 7 |  7.1
Fighting       | 7 8 |  8.5
Armour         | 7 8 |  8.5
Shields        | 7 8 |  8.5

Action                   |  1- 3 |  4- 6 |  7- 9 | 10-12 || total
-------------------------+-------+-------+-------+-------++-------
Melee: War axe           |    72 |   210 |   384 |    11 ||   677
       Bite              |     7 |    24 |    40 |     9 ||    80
       Hand axe          |       |       |       |    53 ||    53
       Broad axe         |       |       |       |     5 ||     5
Invok: Heroism           |       |       |     3 |     2 ||     5
Evoke: Wand              |       |       |     1 |       ||     1
  Use: Potion            |       |     1 |     5 |       ||     6
       Scroll            |       |       |     3 |       ||     3
 Stab: Sleeping          |       |       |    11 |     1 ||    12
       Distracted        |       |       |     1 |     1 ||     2
Armor: Scale mail        |    26 |    81 |       |       ||   107
       Leather armour    |       |     4 |   145 |    15 ||   164
Dodge: Dodged            |    45 |    98 |   242 |    25 ||   410
Block: Buckler           |    19 |    58 |   139 |    10 ||   226

Table legend: (Time is in decaauts)
 A = Elapsed time spent in this place.
 B = Non-inter-level travel time spent in this place.
 C = Inter-level travel time spent in this place.
 D = Time resting spent in this place.
 E = Time spent auto-exploring this place.
 F = Levels seen in this place.
 G = Mean time per level.
                   A        B        C        D        E       F      G
               +--------+--------+--------+--------+--------+-----+--------+
         Total |   9427 |   9130 |    297 |    565 |   6802 |  10 |  942.7 |
       Dungeon |   9105 |   8851 |    254 |    565 |   6526 |   9 | 1011.7 |
        Temple |    322 |    279 |     43 |      0 |    276 |   1 |  322.0 |
               +--------+--------+--------+--------+--------+-----+--------+

Top non-repeatable levels by time:
     D:6: 1366 daAuts
     D:7: 1194 daAuts
     D:5: 1140 daAuts
     D:4: 1099 daAuts
     D:2: 1012 daAuts
     D:8: 987 daAuts
     D:3: 930 daAuts
     D:1: 695 daAuts
     D:9: 677 daAuts
  Temple: 322 daAuts
